 Dungeon Crawl Stone Soup version 0.17.1-3-g152610e (webtiles) character file.

140 Jerry the Insei (level 5, -7/36 HPs)
             Began as an Octopode Monk on Mar 8, 2016.
             Mangled by Natasha (8 damage)
             ... on level 3 of the Dungeon.
             The game lasted 00:07:08 (2358 turns).

Jerry the Insei (Octopode Monk)                     Turns: 2358, Time: 00:07:08

Health: -7/36      AC:  1    Str: 11    XL:     5   Next: 23%
Magic:  5/5        EV: 13    Int: 13    God:
Gold:   74         SH:  0    Dex: 14    Spells: 0 memorised, 4 levels left

rFire  . . .     SeeInvis .       - Unarmed
rCold  . . .     Clarity  .     (no shield)
rNeg   . . .     SustAt   .     (helmet restricted)
rPois  .         Gourm    .     (no amulet)
rElec  .         Spirit   .     (no ring)
rCorr  .         Warding  .     (no ring)
rMut   .         Stasis   .     (no ring)
MR     .....                    (no ring)
Stlth  ++++......               (no ring)
                                (no ring)
                                (no ring)
                                (no ring)

@: slowed, very slow, not resistant to hostile enchantments, stealthy
A: almost no armour, amphibious, 8 rings, constrict 8, camouflage 1, gelatinous
body 1
a: no special abilities


You were on level 3 of the Dungeon.
You were hungry.

You visited 1 branch of the dungeon, and saw 3 of its levels.

You collected 74 gold pieces.

Inventory:

Jewellery
 p - a +3 ring of dexterity {unknown}
Scrolls
 c - 3 scrolls of identify {unknown}
 e - 3 scrolls of enchant weapon {unknown}
 f - 2 scrolls of immolation {unknown}
 g - a scroll of magic mapping {unknown}
 h - a scroll of random uselessness {unknown}
 j - 3 scrolls of fear {unknown}
 m - a scroll of teleportation {unknown}
 r - 2 scrolls of enchant armour {unknown}
 s - 2 scrolls of remove curse {unknown}
 t - a scroll of noise {unknown}
Potions
 b - 2 potions of brilliance {unknown}
 d - a potion of flight {unknown}
 i - a potion of magic {unknown}
 k - 4 potions of curing {unknown}
 l - 2 potions of heal wounds {unknown}
 n - a potion of agility {unknown}
 o - a potion of might {unknown}
Books
 q - a book of Summonings

   Spells                             Type                      Level
   a - Recall                         Summoning/Translocation      3
   b - Aura of Abjuration             Summoning                    5
   c - Shadow Creatures               Summoning                    5
   d - Summon Demon                   Summoning                    5
   e - Summon Forest                  Summoning/Translocation      5
   f - Summon Mana Viper              Hexes/Summoning              5
Comestibles
 a - 2 bread rations
 u - 2 chunks of flesh


   Skills:
 + Level 3.6 Fighting
 + Level 3.7 Dodging
 - Level 4.5 Stealth
 + Level 4.8 Unarmed Combat


You had 4 spell levels left.
You didn't know any spells.

Dungeon Overview and Level Annotations

Branches:
Dungeon (3/15)

Altars:
Sif Muna

Annotations:
D:3 Natasha


Innate Abilities, Weirdness & Mutations

You cannot wear most types of armour.
You are amphibious.
You can wear up to eight rings at the same time.
You can use your tentacles to constrict eight enemies at once.
Your skin changes colour to match your surroundings (Stealth).
Your rubbery body absorbs attacks (AC +1).


Message History

The giant gecko completely misses you.
You closely miss the giant gecko. You grab the giant gecko.
The giant gecko is severely wounded.
You constrict the giant gecko.
You kill the giant gecko!
You are feeling hungry.
The shadow imp disappears in a puff of smoke!
You hear some strange, mumbled words.
You feel yourself slow down. Something claws you!
A magic dart appears from out of thin air!
The magic dart hits you! Something claws you!
* * * LOW HITPOINT WARNING * * *
You hear some strange, mumbled words.
Something tries to affect you, but you resist.
Something claws you.
* * * LOW HITPOINT WARNING * * *
Something claws you!
You die...

#.# #.# #.# #.............
##.####.# #.# ##.####.####.##
........# #5# #..............
##.####.###5# #.###########..
#.###...##†# #.#..# #..
#..........# #.#..# #..
#.###..)#### #.#'## +#..
...####.#######.P..###+#.....
........###.@>#..........⌠...
............#..............#+
###########......####..###
..........#.)#..+
#.........#)(#..# ##
#.######.P#'##P.#####. #.
#.............. #
#####.#.#####.# #.........#


There were no monsters in sight!

Vanquished Creatures
  Ijyb (D:3)
  Natasha (D:3)
  3 adders (D:2)
  An ooze (D:3)
  A worm (D:3)
  3 giant geckos
  An orc (D:3)
  5 hobgoblins
  7 jackals
  2 quokkas (D:3)
  A ball python (D:2)
  8 bats
  2 giant newts
  10 goblins
  5 kobolds
  4 rats
55 creatures vanquished.

Notes
Turn   | Place    | Note
--------------------------------------------------------------
     0 | D:1      | Jerry the Octopode Monk began the quest for the Orb.
     0 | D:1      | Reached XP level 1. HP: 16/16 MP: 1/1
   138 | D:1      | Reached XP level 2. HP: 9/21 MP: 2/2
  1061 | D:2      | Reached XP level 3. HP: 23/26 MP: 3/3
  1137 | D:2      | Found a deep blue altar of Sif Muna.
  1531 | D:3      | Reached XP level 4. HP: 20/31 MP: 4/4
  1693 | D:3      | Noticed Ijyb
  1702 | D:3      | Killed Ijyb
  2057 | D:3      | Noticed Natasha
  2064 | D:3      | Killed Natasha
  2064 | D:3      | Reached XP level 5. HP: 24/36 MP: 5/5
  2322 | D:3      | Noticed Natasha
  2357 | D:3      | HP: 1/36 [something (3)]
  2358 | D:3      | Mangled by Natasha

Action                   |  1- 3 |  4- 6 || total
-------------------------+-------+-------++-------
Melee: Unarmed           |    66 |    61 ||   127
 Stab: Sleeping          |     7 |     8 ||    15
  Eat: Chunk             |     2 |     2 ||     4
